 Dungeon Crawl Stone Soup version 0.28.0-45-g0d030f2227 (webtiles) character file.

Game seed: 5673783043695042770

84893 boopmooplesden the Fencer (level 15, -11/145 HPs)
             Began as a Minotaur Berserker on Apr 5, 2022.
             Was the Champion of Trog.
             Mangled by a cane toad (14 damage)
             ... on level 6 of the Lair of Beasts.
             The game lasted 00:31:41 (21205 turns).

boopmooplesden the Fencer (Minotaur Berserker)     Turns: 21205, Time: 00:31:41

Health: -11/145    AC: 33    Str: 25    XL:     15   Next: 36%
Magic:  14/14      EV: 10    Int:  4    God:    Trog [******]
Gold:   1047       SH:  0    Dex: 12    Spells: 14/14 levels left

rFire   + . .      SeeInvis +   o - +4 scimitar (flame)
rCold   + . .      Faith    .   (no shield)
rNeg    . . .      Spirit   .   O - +5 plate armour of the Thirsty Teeth {rPois Slay+3}
rPois   +          Reflect  .   z - +1 hat
rElec   .          Harm     .   e - scarf {rC+ rF+}
rCorr   .          Rampage  .   y - +2 pair of gloves
Will    +....                   h - +0 pair of boots
Stlth   ..........              (no amulet)
HPRegen 0.34/turn               g - +4 ring of protection
MPRegen 0.14/turn               k - ring of see invisible

@: no status effects
A: horns 2, retaliatory headbutt, clumsy 1, deterioration 1
a: Renounce Religion, Berserk, Trog's Hand, Brothers in Arms


You were on level 6 of the Lair of Beasts.
You worshipped Trog.
Trog was exalted by your worship.
You visited 2 branches of the dungeon, and saw 20 of its levels.
You also visited: Ice Cave.

You collected 1797 gold pieces.
You spent 750 gold pieces at shops.

Inventory:

Hand Weapons
 o - a +4 scimitar of flaming (weapon)
 I - a +5 lajatang of speed
 L - a +2 battleaxe of freezing
 R - a +5 scimitar of freezing
 X - the +2 lajatang "Grim" {vorpal, rPois}
   (You found it on level 13 of the Dungeon)

   It inflicts extra damage upon your enemies.
   rPois:     It protects you from poison.
 Z - the +5 scimitar "Uguleuz" {antimagic, +Blink rPois}
   (You found it on level 13 of the Dungeon)

   It reduces the magical energy of the wielder, and disrupts the spells and
   magical abilities of those it strikes.
   Natural abilities and divine invocations are not affected.
   rPois:     It protects you from poison.
   +Blink:    It lets you blink.
Missiles
 i - 8 boomerangs (quivered)
 t - a throwing net
 M - 4 silver javelins
Armour
 e - a scarf of resistance (worn)
 h - a +0 pair of boots (worn)
 n - a +2 cloak of poison resistance
 p - a +1 plate armour of cold resistance
 y - a +2 pair of gloves (worn)
 z - a +1 hat (worn)
 O - the +5 plate armour of the Thirsty Teeth (worn) {rPois Slay+3}
   (You found it in an ice cave)

   Slay:      It affects your accuracy & damage with ranged weapons and melee
   (+3).
   rPois:     It protects you from poison.
 T - a +3 plate armour of fire resistance
Jewellery
 a - a ring of poison resistance
 g - a +4 ring of protection (left hand)
 j - a +6 ring of intelligence
 k - a ring of see invisible (right hand)
 q - a ring of flight
 u - an amulet of faith
 w - a +6 ring of strength
 B - a ring of protection from fire
 C - a ring of positive energy
 J - a +4 ring of slaying
Wands
 f - a wand of iceblast (20)
 A - a wand of polymorph (13)
 D - a wand of digging (12)
 F - a wand of acid (11)
 N - a wand of paralysis (12)
 U - a wand of charming (6)
Scrolls
 l - 5 scrolls of teleportation
 m - a scroll of brand weapon
 s - 2 scrolls of silence
 H - 3 scrolls of blinking
 K - a scroll of summoning
 Q - 2 scrolls of fog
 V - 2 scrolls of holy word
Potions
 b - a potion of mutation
 c - 2 potions of berserk rage
 d - 4 potions of might
 r - 6 potions of curing
 x - 2 potions of ambrosia
 E - a potion of flight
 G - a potion of magic
 P - a potion of invisibility
 W - a potion of haste
Miscellaneous
 S - a piece from Xom's chessboard (15/15)
 Y - a lightning rod (4/4)


   Skills:
 + Level 16.6 Fighting
 + Level 1.2(11.1) Short Blades
 + Level 18.3 Long Blades
 + Level 1.4(2.2) Axes
 + Level 1.4(2.2) Maces & Flails
 + Level 1.9(2.5) Polearms
 + Level 1.9(2.5) Staves
 + Level 1.2(2.0) Slings
 + Level 1.2 Bows
 + Level 1.7 Crossbows
 + Level 2.0(2.2) Throwing
 + Level 18.1 Armour
 + Level 6.1 Dodging
 + Level 3.0 Stealth
 + Level 1.4 Shields
 + Level 1.2 Unarmed Combat
 + Level 1.1 Invocations
 + Level 1.0 Evocations


You had 14 spell levels left.
You didn't know any spells.
Your spell library was empty.

Dungeon Overview and Level Annotations

Branches:
Dungeon (14/15)            Temple (0/1) D:5            Lair (6/6) D:10
 Spider (0/4) Lair:2          Orc (0/2) D:10         Vaults (0/5) D:13
  IceCv (visited)
  Swamp: Lair:2-4    Shoals: Lair:2-4     Slime: Lair:5-6

Altars:
Cheibriados
Kikubaaqudgha
Makhleb
Vehumet

Shops:
D:1 (   D:10 [(   D:12 [


Innate Abilities, Weirdness & Mutations

You have a pair of horns on your head.
You reflexively headbutt those who attack you in melee.
You are clumsy. (Dex -2)
Your body sometimes deteriorates upon taking damage.


Message History

You slash the wyvern! You burn the wyvern.
You kill the wyvern!
Trog accepts your kill.
You slash the water moccasin! You burn the water moccasin.
The water moccasin is moderately wounded.
The water moccasin bites you but does no damage.
You slash the water moccasin! You burn the water moccasin!
You kill the water moccasin!
Trog accepts your kill.
You see here a water moccasin corpse.
Things that are here:
a hornet corpse; a komodo dragon corpse A cane toad comes into view.
The cane toad gives a loud, deep croak!
You hear a croak.
A cane toad comes into view.
You see here a harpy corpse.
A wind drake comes into view.
The wind drake hisses angrily.
The wind drake flaps its wings at you. The air twists around and strikes you!
* * * LOW HITPOINT WARNING * * *
The cane toad misses you. You furiously retaliate!
You headbutt the cane toad.
The cane toad stings you but does no damage. x2
You slash the cane toad! You burn the cane toad.
Your headbutt misses the cane toad.
The cane toad is heavily wounded.
The cane toad stings you.
* * * LOW HITPOINT WARNING * * *
You hit the cane toad. You burn the cane toad.
The cane toad is heavily wounded.
The cane toad stings you but does no damage.
The cane toad barely misses you. You furiously retaliate!
You headbutt the cane toad! The wind drake flaps its wings at you.
The air twists around and strikes you.
* * * LOW HITPOINT WARNING * * *
You barely miss the cane toad. Your headbutt misses the cane toad.
The cane toad is heavily wounded.
The cane toad stings you!
You die...

....^ ≈P≈≈≈≈≈ ≈≈≈≈
≈≈≈. ....
#≈.≈≈≈≈##≈≈##≈≈#
....
≈##≈≈≈#Pk##≈≈#≈≈≈##
....
≈..≈....≈...≈.≈...≈
....
............[......
≈...
^..................
....
..............?....
≈...
..............PP...
....
......F@......≈PP..
....
......F†.....P≈≈≈.?
....
.#.P......##..♣≈...
....
#.##...##...PP≈.≈.
...# #
#.....###.≈≈♣P≈≈
P.. #.....†##.PP≈≈≈
#.P..##†..≈≈≈♣
#..P...[..PP≈♣
#.P#...#...≈≈≈♣


You could see a wind drake (repels missiles) and 2 cane toads.

Vanquished Creatures
  A frost giant (IceCv)
  A balrug (D:13)
  The ghost of safid the Severer, a journeyman HOFi of Beogh (Lair:5)
  A blizzard demon (D:13)
  A green death (D:13)
  3 hydras
  Erolcha (D:13)
  2 boulder beetles
  An ogre mage (D:13)
  A centaur warrior (D:13)
  6 two-headed ogres
  4 death yaks (IceCv)
  3 tengu warriors (D:14)
  A spriggan (Lair:5)
  A lindwurm (Lair:3)
  A deep elf archer (D:13)
  A wizard (D:14)
  2 harpies (Lair:6)
  An orc knight (D:13)
  A necromancer (D:13)
  2 manticores (D:13)
  3 deep elf pyromancers (D:13)
  3 cyclopes (D:13)
  An ice statue (IceCv)
  15 elephants
  A rust devil (D:13)
  6 black mambas
  2 gargoyles (D:13)
  2 orange demons (D:13)
  11 cane toads
  3 rime drakes
  5 kobold demonologists (D:13)
  An efreet (D:13)
  3 komodo dragons
  A hellwing (D:13)
  2 trolls
  A meliai (Lair:5)
  2 red devils (D:13)
  5 hornets
  A queen bee (Lair:5)
  Grinder (D:3)
  A wind drake (Lair:6)
  15 polar bears
  7 dream sheep
  9 blink frogs (Lair:3)
  10 slime creatures
  A snapping turtle (Lair:6)
  2 wyverns
  27 yaks
  3 chaos spawn (D:13)
  2 steam dragons
  A redback (Lair:2)
  3 basilisks
  2 swamp worms (Lair:2)
  9 water moccasins
  Pargi (D:4)
  6 orc warriors
  5 sky beasts
  A necrophage (D:5)
  3 ogres
  52 wolves
  8 centaurs
  6 kobold brigands
  A gnoll sergeant (D:10)
  17 bullfrogs
  A scorpion (Lair:1)
  2 wyvern zombies
  A water moccasin zombie (D:5)
  3 elephant simulacra (Lair:4)
  15 killer bees
  3 wights (D:9)
  2 electric eels
  3 centaur zombies
  A jelly (D:5)
  Crazy Yiuf (D:2)
  6 orc priests
  3 hounds
  A centaur skeleton (D:7)
  2 iguanas (D:6)
  A scorpion zombie (D:3)
  15 orc wizards
  4 hell rats (Lair:3)
  5 polar bear simulacra
  3 yak simulacra (D:13)
  2 killer bee zombies
  2 wolf simulacra (D:13)
  9 adders
  7 gnolls
  2 river rats (Lair:3)
  A shadow imp (D:6)
  An ufetubus (D:5)
  An adder zombie (D:5)
  An adder skeleton (D:5)
  3 dart slugs
  40 orcs
  6 endoplasms
  3 giant cockroaches
  3 goblins
  9 hobgoblins
  9 ball pythons
  8 bats
  3 frilled lizards
  21 kobolds
  8 rats
  3 river rat simulacra (D:13)
511 creatures vanquished.

Vanquished Creatures (others)
  An orc wizard (D:13)
  25 fungi
  75 plants
101 creatures vanquished.

Grand Total: 612 creatures vanquished

Notes
Turn   | Place    | Note
-------+----------+-------------------------------------------
     0 | D:1      | boopmooplesden the Minotaur Berserker began the quest for
                  | the Orb.
     0 | D:1      | Reached XP level 1. HP: 19/19 MP: 0/0
   263 | D:1      | Reached XP level 2. HP: 27/27 MP: 1/1
   413 | D:1      | Found Wonaxti's Weapon Boutique.
  1087 | D:2      | Reached XP level 3. HP: 33/33 MP: 2/2
  1217 | D:2      | Reached ** piety under Trog
  1554 | D:2      | Found a faded altar of an unknown god.
  1666 | D:2      | Reached skill level 5 in Long Blades
  1666 | D:2      | Reached XP level 4. HP: 41/41 MP: 3/3
  1680 | D:2      | Found a runed translucent door.
  1681 | D:2      | Noticed Crazy Yiuf
  1686 | D:2      | Killed Crazy Yiuf
  1966 | D:3      | Noticed an orc warrior
  1978 | D:3      | Killed an orc warrior
  1979 | D:3      | Reached skill level 5 in Fighting
  1979 | D:3      | Reached skill level 1 in Stealth
  1979 | D:3      | Reached XP level 5. HP: 45/48 MP: 4/4
  2262 | D:3      | Reached XP level 6. HP: 48/56 MP: 5/5
  2456 | D:3      | Noticed Grinder
  2456 | D:3      | Paralysed by Grinder for 5 turns
  2469 | D:3      | Killed Grinder
  2773 | D:4      | Reached XP level 7. HP: 39/62 MP: 6/6
  2906 | D:4      | Noticed Pargi
  2916 | D:4      | Killed Pargi
  3087 | D:4      | Found a snail-covered altar of Cheibriados.
  3482 | D:5      | Entered Level 5 of the Dungeon
  3486 | D:5      | Noticed a hornet
  3507 | D:5      | Killed a hornet
  3587 | D:5      | Reached *** piety under Trog
  3595 | D:5      | Reached XP level 8. HP: 56/71 MP: 7/7
  3605 | D:5      | Reached skill level 5 in Armour
  4321 | D:5      | Found a staircase to the Ecumenical Temple.
  5525 | D:6      | Reached skill level 10 in Long Blades
  5911 | D:6      | Reached XP level 9. HP: 70/79 MP: 8/8
  7164 | D:7      | Found an ancient bone altar of Kikubaaqudgha.
  7169 | D:7      | Found a radiant altar of Vehumet.
  7371 | D:1      | Bought a +1 long sword of electrocution for 204 gold pieces
  8448 | D:9      | Reached skill level 1 in Throwing
  8861 | D:9      | Reached **** piety under Trog
  9150 | D:10     | Entered Level 10 of the Dungeon
  9250 | D:10     | Reached XP level 10. HP: 85/88 MP: 9/9
  9387 | D:10     | Found Wuoroen's Weapon Shop.
  9388 | D:10     | Found a staircase to the Orcish Mines.
  9393 | D:10     | Found Usiber's Armour Shop.
  9474 | D:10     | Reached skill level 10 in Armour
  9744 | D:10     | Found a staircase to the Lair.
  9765 | D:10     | Noticed a two-headed ogre
  9772 | D:10     | Killed a two-headed ogre
 10779 | D:11     | Noticed a two-headed ogre
 10791 | D:11     | Killed a two-headed ogre
 10868 | D:11     | Reached XP level 11. HP: 84/97 MP: 10/10
 10927 | D:11     | Noticed a boulder beetle
 10937 | D:11     | Killed a boulder beetle
 11239 | D:12     | Reached ***** piety under Trog
 11243 | D:12     | Noticed a two-headed ogre
 11251 | D:12     | Killed a two-headed ogre
 11283 | D:12     | Found Veuphaf's Antique Armour Emporium.
 11288 | D:12     | Bought a glowing plate armour for 546 gold pieces
 11379 | D:12     | You fall into a shaft and drop 2 floors!
 11413 | D:14     | Noticed a tengu warrior
 11414 | D:14     | Noticed a tengu warrior
 11423 | D:14     | Killed a tengu warrior
 11428 | D:14     | Killed a tengu warrior
 11445 | D:14     | Reached skill level 10 in Fighting
 11565 | D:14     | Noticed a wizard
 11569 | D:14     | Killed a wizard
 11581 | D:14     | Noticed a two-headed ogre
 11587 | D:14     | Killed a two-headed ogre
 11587 | D:14     | Noticed a tengu warrior
 11598 | D:14     | Killed a tengu warrior
 11602 | D:13     | Noticed a centaur warrior
 11607 | D:13     | Killed a centaur warrior
 11608 | D:13     | Reached skill level 5 in Dodging
 11612 | D:13     | Reached skill level 15 in Long Blades
 11623 | D:13     | Identified the +6 scale mail "Udodiesk" {rF- rN+ Will+
                  | Str+2}
 11854 | D:13     | Noticed a necromancer
 11860 | D:13     | Killed a necromancer
 12050 | D:13     | Noticed Erolcha
 12064 | D:13     | Killed Erolcha
 12065 | D:13     | Reached XP level 12. HP: 110/110 MP: 11/11
 12846 | D:13     | Noticed a two-headed ogre
 12847 | D:13     | Noticed a two-headed ogre
 12879 | D:13     | Killed a two-headed ogre
 12882 | D:13     | Killed a two-headed ogre
 12883 | D:13     | Noticed an ogre mage
 12900 | D:13     | Paralysed by an ogre mage for 7 turns
 12919 | D:13     | Killed an ogre mage
 12993 | D:13     | Found a gate to the Vaults.
 13551 | D:13     | Identified the +2 lajatang "Grim" {vorpal, rPois}
 13596 | D:13     | Noticed a balrug
 13602 | D:13     | Noticed a green death
 13603 | D:13     | Noticed a blizzard demon
 13604 | D:13     | Gained mutation: Your body sometimes deteriorates upon
                  | taking damage. [a neqoxec]
 13607 | D:13     | Gained mutation: You are clumsy. (Dex -2) [a neqoxec]
 13609 | D:13     | Killed a balrug
 13610 | D:13     | Reached skill level 15 in Armour
 13905 | D:13     | Noticed a boulder beetle
 13930 | D:13     | Killed a boulder beetle
 14077 | D:13     | Killed a blizzard demon
 14078 | D:13     | Reached XP level 13. HP: 56/122 MP: 12/12
 14080 | D:13     | Killed a green death
 14373 | D:13     | Found a burning altar of Makhleb.
 14383 | D:13     | Identified the +5 scimitar "Uguleuz" {antimagic, +Blink
                  | rPois}
 14389 | D:13     | Identified the +6 dagger of Wyrd {vorpal, Will+ Str+5}
 14590 | Lair:1   | Entered Level 1 of the Lair of Beasts
 14594 | Lair:1   | Reached skill level 1 in Short Blades
 14594 | Lair:1   | Reached skill level 1 in Axes
 14594 | Lair:1   | Reached skill level 1 in Maces & Flails
 14594 | Lair:1   | Reached skill level 1 in Polearms
 14594 | Lair:1   | Reached skill level 1 in Staves
 14594 | Lair:1   | Reached skill level 1 in Slings
 14594 | Lair:1   | Reached skill level 1 in Bows
 14594 | Lair:1   | Reached skill level 1 in Crossbows
 14594 | Lair:1   | Reached skill level 1 in Shields
 14594 | Lair:1   | Reached skill level 1 in Unarmed Combat
 14594 | Lair:1   | Reached skill level 1 in Invocations
 14594 | Lair:1   | Reached skill level 1 in Evocations
 14594 | Lair:1   | Reached XP level 14. HP: 129/129 MP: 13/13
 15455 | Lair:2   | Found a hole to the Spider Nest.
 15458 | Lair:2   | Found a burning altar of Makhleb.
 15488 | Lair:2   | Received a gift from Trog
 17303 | Lair:4   | Found a frozen archway.
 17336 | IceCv    | Entered an ice cave
 17705 | IceCv    | Reached skill level 15 in Fighting
 18314 | IceCv    | Noticed a frost giant
 18339 | IceCv    | Killed a frost giant
 18608 | IceCv    | Identified the +5 plate armour of the Thirsty Teeth {rPois
                  | Slay+3}
 19398 | Lair:4   | Reached XP level 15. HP: 134/143 MP: 14/14
 19567 | Lair:5   | Reached ****** piety under Trog
 19616 | Lair:5   | Found the +2 hat of the Bear Spirit {Spirit, *Rage Will++}
 20175 | Lair:5   | Noticed safid's ghost (journeyman HOFi)
 20178 | Lair:5   | Found a transporter.
 20182 | Lair:5   | Found a transporter.
 20207 | Lair:5   | Killed safid's ghost
 20725 | Lair:6   | Entered Level 6 of the Lair of Beasts
 20750 | Lair:5   | Received a gift from Trog
 21137 | Lair:6   | Found a gate leading to a gauntlet.
 21203 | Lair:6   | HP: 6/145 [cane toad (3)]
 21205 | Lair:6   | Mangled by a cane toad

Illustrated notes

Levels and vault maps discovered:
D:1:      sevenhm_arrival_forest_fort_small_3, layout_basic, serial_shops,
          nicolae_shop_bloodbath_and_beyond, minivault_5
D:2:      layout_loops_ring, chequers_ecumenical_altar_grove, chequers_avenue,
          minmay_octomino_j4, uniq_crazy_yiuf_cottage
D:3:      layout_basic, minmay_increasing_density, uniq_grinder
D:4:      layout_basic, kennysheep_slug_shrine, uniq_pargi
D:5:      layout_layer_cave, minmay_temple_entry_enclosed_plants,
          chequers_big_river, grunt_ministairs_12, minmay_holes
D:6:      layout_loops_ring, serial_bayou_crossing
D:7:      layout_basic, amethyst_overflow_temple_binary,
          amcnicky_mini_corridor_feature
D:8:      layout_cave_pods
D:9:      layout_roguey, lemuel_flamethrower_1
D:10:     layout_roguey, grunt_lair_entry_orc_guard_hut, orc_david_3
D:11:     layout_irregular_city
D:12:     layout_basic, serial_shops, kennysheep_little_box,
          trog_three_pillars_becter
D:13:     evilmike_makhleb_hellhole, layout_rooms,
          hangedman_vaults_entry_quadrant_bands, eino_house_with_fridge,
          uniq_erolcha
D:14:     layout_irregular_city, uniq_rupert
Lair:1:   layout_regular_city, cheibrodos_lair_lostbears, grunt_megastairs_1
Lair:2:   layout_regular_city, minmay_swamp_entry_worms, spider_nest_entry_a,
          basic_altar, nicolae_quartered_pool_impasse, lemuel_oklob_altar,
          grunt_megastairs_4, infiniplex_staircase_pool, serial_bayou_shore_b
Lair:3:   cheibrodos_lair_river_kwai, layout_loops_ring,
          kennysheep_abandoned_house
Lair:4:   layout_hall_layers, portal_ice_cave_entry_ice_simulacra,
          chequers_serial_rivers_micro_c, bh_autumn_forest_stairs,
          beast_lair_carwin_8
Lair:5:   layout_hall_layers, gammafunk_ghost_hive, grunt_forest_large_clearings
Lair:6:   gammafunk_lair_ancient_temple, layout_regular_city, slime_altar_1,
          gauntlet_entry_generic, serial_bayou, serial_bayou_shore_b,
          serial_bayou_pond_a, serial_bayou_lagoon_a, serial_bayou_pond_c,
          serial_bayou_shore_b, kennysheep_rathole, infiniplex_staircase_pool_2

Skill      XL: |  1  2  3  4  5  6  7  8  9 10 11 12 13 14 15 |
---------------+----------------------------------------------+-----
Long Blades    | 4 5 6 7 8 10 11 13 15 16 17 18 | 18.3
Fighting       | 4 5 6 7 8 9 11 13 15 16 | 16.6
Dodging        | 3 4 5 6 |  6.1
Stealth        | 1 2 3 |  3.0
Armour         | 3 4 7 9 12 13 15 17 18 | 18.1
Throwing       | 1 2 |  2.0
Short Blades   | 1 |  1.2
Axes           | 1 |  1.4
Maces & Flails | 1 |  1.4
Polearms       | 1 |  1.9
Staves         | 1 |  1.9
Slings         | 1 |  1.2
Bows           | 1 |  1.2
Crossbows      | 1 |  1.7
Shields        | 1 |  1.4
Unarmed Combat | 1 |  1.2
Invocations    | 1 |  1.1
Evocations     | 1 |  1.0

Action                   |  1- 3 |  4- 6 |  7- 9 | 10-12 | 13-15 || total
-------------------------+-------+-------+-------+-------+-------++-------
Melee: Falchion          |    71 |    68 |   266 |       |       ||   405
       Headbutt          |    12 |    10 |    68 |    93 |   161 ||   344
       Punch             |       |     1 |     2 |     6 |    12 ||    21
       Scimitar          |       |       |    46 |   417 |   725 ||  1188
       Long sword        |       |       |    31 |       |       ||    31
Throw: Dart              |     7 |       |       |       |       ||     7
       Boomerang         |       |       |     3 |       |       ||     3
Invok: Berserk           |       |     3 |     5 |    14 |     7 ||    29
  Use: Scroll            |     2 |       |    13 |     8 |    17 ||    40
       Potion            |       |       |       |       |     3 ||     3
 Stab: Sleeping          |     3 |       |       |       |       ||     3
Armor: Animal skin       |    25 |       |       |       |       ||    25
       Scale mail        |       |    61 |    11 |       |       ||    72
       Chain mail        |       |       |   147 |       |       ||   147
       Plate armour      |       |       |    61 |   340 |   749 ||  1150
Dodge: Dodged            |    43 |    44 |   142 |   205 |   429 ||   863
